 Dungeon Crawl Stone Soup version 0.29-a0-838-g385bb11a5b (webtiles) character file.

Game seed: 3201341066415246382

473 jimonade the Covert (level 7, -3/40 HPs)
             Began as a Kobold Brigand on July 13, 2022.
             Slain by a river rat (8 damage)
             ... in a sewer.
             The game lasted 00:08:43 (4789 turns).

jimonade the Covert (Kobold Brigand)                Turns: 4789, Time: 00:08:44

Health: -3/40      AC:  4    Str: 13    XL:     7   Next: 32%
Magic:  7/7        EV: 14    Int: 12    God:
Gold:   185        SH:  0    Dex: 20    Spells: 6/6 levels left

rFire   . . .      SeeInvis .   a - +2 dagger
rCold   . . .      Faith    .   (no shield)
rNeg    + . .      Spirit   .   y - +0 leather armour of Terror {rN+ Will+ Str+4 Dex+2}
rPois   .          Reflect  .   (no helmet)
rElec   .          Harm     .   c - +0 cloak
rCorr   .          Rampage  .   (no gloves)
Will    +....                   (no boots)
Stlth   ++++++....              (no amulet)
HPRegen 0.13/turn               (no ring)
MPRegen 0.10/turn               (no ring)

@: no status effects
A: small, no large weapons, nightstalker 3
a: no special abilities


You were in a sewer.
You visited 1 branch of the dungeon, and saw 4 of its levels.
You also visited: Sewer.

You collected 185 gold pieces.

Inventory:

Hand Weapons
 a - a +2 dagger (weapon)
 b - a +0 vorpal scythe
 m - a +1 short sword of venom
 o - a +0 halberd
 u - a +0 trident
Missiles
 d - 9 poisoned darts (quivered)
 e - 3 curare-tipped darts
 n - 3 throwing nets
 A - 22 stones
Armour
 c - a +0 cloak (worn)
 t - a +0 robe
 y - the +0 leather armour of Terror (worn) {rN+ Will+ Str+4 Dex+2}
   (You found it on level 3 of the Dungeon)

   Str:       It affects your strength (+4).
   Dex:       It affects your dexterity (+2).
   rN:        It protects you from negative energy.
   Will:      It increases your willpower.
Magical Staves
 h - a staff of air
Jewellery
 k - a ring of see invisible
Wands
 r - a wand of flame (44)
 v - a wand of paralysis (8)
 B - a wand of iceblast (8)
Scrolls
 f - a scroll of blinking
 i - a scroll of fog
 l - 4 scrolls of identify
 p - 4 scrolls of teleportation
 q - a scroll of vulnerability
 w - 2 scrolls of enchant armour {unknown}
 z - a scroll of noise {unknown}
 D - a scroll of poison {unknown}
Potions
 g - a potion of degeneration


   Skills:
 + Level 2.8 Fighting
 + Level 4.1 Short Blades
 + Level 2.3 Throwing
 + Level 2.1 Dodging
 * Level 10.4 Stealth


You had 6 spell levels left.
You didn't know any spells.
Your spell library contained the following spells:

 Spells                   Type           Power      Damage    Failure   Level
 Beastly Appendage        Tmut           0%         N/A       38%         1
 Wereblood                Tmut           0%         N/A       54%         2
 Spider Form              Tmut/Pois      0%         N/A       77%         3


Dungeon Overview and Level Annotations

Branches:
Dungeon (4/15)              Sewer (1/1)
 Temple: D:4-7

Altars:
Dithmenos
Yredelemnul

Shops:
D:4 !


Innate Abilities, Weirdness & Mutations

You are small and have problems with some larger weapons.
You are completely attuned to the shadows.


Message History

The adder is almost dead.
The rat misses you.
The river rat twitches its whiskers.
The river rat closely misses you. The adder closely misses you.
You closely miss the adder.
The adder is almost dead.
The rat bites you but does no damage. The river rat completely misses you.
The adder bites you.
* * * LOW HITPOINT WARNING * * *
You closely miss the adder.
The adder is almost dead.
The adder closely misses you. The rat closely misses you.
The river rat barely misses you.
You hit the adder.
You kill the adder!
You hit the river rat but do no damage. The river rat bites you!
* * * LOW HITPOINT WARNING * * *
The rat misses you. The rat barely misses you.
You hit the river rat but do no damage. The river rat misses you.
The rat bites you but does no damage. x2
Okay, then.
You hit the river rat but do no damage. You hit the river rat.
The river rat is lightly wounded.
The rat barely misses you.
You hit the river rat but do no damage.
The river rat is lightly wounded.
The rat bites you but does no damage. x2
You hit the river rat but do no damage.
The river rat is lightly wounded.
The river rat closely misses you. The rat barely misses you.
The rat completely misses you.
You closely miss the river rat.
The river rat is lightly wounded.
The river rat barely misses you. The rat misses you. The rat bites you.
* * * LOW HITPOINT WARNING * * *
You hit the river rat.
The river rat is lightly wounded.
The river rat bites you!
You die...

≈
≈≈≈≈≈≈≈≈≈≈≈≈≈≈≈≈≈≈≈....≈.≈
≈≈≈≈≈≈≈≈≈≈≈≈≈≈≈≈≈≈≈≈≈≈≈≈
≈≈≈≈≈≈≈≈≈≈≈≈≈≈≈
≈≈≈≈.≈..≈≈≈.≈
##.≈≈≈≈≈......... .
##...............#
..##.....##........##
...rr....###÷......##
..rr@...###..........
..####÷.......####...
##.....### ##.. #######
###


You could see a river rat and 3 rats.

Vanquished Creatures
  Sigmund (D:3)
  An orc priest (D:3)
  Ijyb (D:3)
  An orc wizard (D:3)
  4 gnolls
  8 adders
  3 river rats
  2 worms (D:4)
  2 dart slugs
  3 orcs (D:3)
  7 endoplasms
  2 giant cockroaches (D:4)
  4 goblins
  8 hobgoblins
  15 kobolds
  6 ball pythons
  2 bats
  7 frilled lizards
  23 rats
100 creatures vanquished.

Vanquished Creatures (others)
  17 plants (D:2)
17 creatures vanquished.

Grand Total: 117 creatures vanquished

Notes
Turn   | Place    | Note
-------+----------+-------------------------------------------
     0 | D:1      | jimonade the Kobold Brigand began the quest for the Orb.
     0 | D:1      | Reached XP level 1. HP: 12/12 MP: 1/1
   231 | D:1      | Reached XP level 2. HP: 18/18 MP: 2/2
   523 | D:1      | Reached skill level 6 in Stealth
   988 | D:1      | Found a faded altar of an unknown god.
  1004 | D:1      | Found a faded altar of an unknown god.
  1061 | D:2      | Reached XP level 3. HP: 22/22 MP: 3/3
  1067 | D:2      | Reached skill level 7 in Stealth
  1067 | D:2      | Reached XP level 4. HP: 24/27 MP: 4/4
  2289 | D:3      | Noticed Sigmund
  2294 | D:3      | Killed Sigmund
  2295 | D:3      | Reached skill level 9 in Stealth
  2295 | D:3      | Reached XP level 5. HP: 31/31 MP: 5/5
  2295 | D:3      | Reached XP level 6. HP: 36/36 MP: 6/6
  2376 | D:3      | Noticed Ijyb
  2380 | D:3      | Killed Ijyb
  2655 | D:3      | Found a shadowy altar of Dithmenos.
  2689 | D:3      | Found a basalt altar of Yredelemnul.
  2689 | D:3      | Identified the +0 leather armour of Terror {rN+ Will+ Str+4
                  | Dex+2}
  3933 | D:4      | Found Joweaf's Distillery.
  3977 | D:4      | Reached skill level 10 in Stealth
  3977 | D:4      | Reached XP level 7. HP: 40/40 MP: 7/7
  4068 | D:4      | Found a glowing drain.
  4074 | Sewer    | Entered a sewer
  4789 | Sewer    | Slain by a river rat

Illustrated notes

Levels and vault maps discovered:
D:1:      eino_arrival_cavern_d, layout_basic,
          hellmonk_ecumenical_altar_the_god_not_taken
D:2:      layout_loops_ring, st_stairs_14, minmay_misc_feat_tiny,
          lexackson_kobold_supper
D:3:      layout_loops_corners, old_standard_altar,
          mainiacjoe_overflow_chevrons, minmay_increasing_density, uniq_sigmund,
          uniq_ijyb
D:4:      layout_rooms, overflow_temple_1_default, amcnicky_altar_gilded,
          gammafunk_ghost_split, serial_shops, nicolae_shop_crystal, shop,
          nicolae_shop_waterfront, lightli_sewer_entry_pipes
Sewer:    sewer_minmay_treatment

Skill      XL: |  1  2  3  4  5  6  7 |
---------------+----------------------+-----
Stealth        | 6 7 9 10 | 10.4
Short Blades   | 3 4 |  4.1
Dodging        | 2 |  2.1
Fighting       | |  2.8
Throwing       | |  2.3

Action                   |  1- 3 |  4- 6 |  7- 9 || total
-------------------------+-------+-------+-------++-------
Melee: Dagger            |    22 |   194 |   128 ||   344
       Punch             |       |     5 |     2 ||     7
  Use: Scroll            |       |     7 |       ||     7
       Potion            |       |       |     4 ||     4
 Stab: Sleeping          |    15 |    24 |    15 ||    54
       Invisible         |       |       |     4 ||     4
Armor: Robe              |     3 |     8 |       ||    11
       Leather armour    |       |    13 |    38 ||    51
Dodge: Dodged            |     3 |    55 |   106 ||   164

Table legend: (Time is in decaauts)
 A = Elapsed time spent in this place.
 B = Non-inter-level travel time spent in this place.
 C = Inter-level travel time spent in this place.
 D = Time resting spent in this place.
 E = Time spent auto-exploring this place.
 F = Levels seen in this place.
 G = Mean time per level.
                   A        B        C        D        E       F      G
               +--------+--------+--------+--------+--------+-----+--------+
         Total |   4755 |   4644 |    111 |    818 |   2841 |   5 |  951.0 |
       Dungeon |   4050 |   3939 |    111 |    383 |   2810 |   4 | 1012.5 |
         Sewer |    705 |    705 |      0 |    435 |     31 |   1 |  705.0 |
               +--------+--------+--------+--------+--------+-----+--------+

Top non-repeatable levels by time:
     D:2: 1356 daAuts
     D:3: 1288 daAuts
     D:1: 1125 daAuts
   Sewer: 705 daAuts
     D:4: 279 daAuts
